 Dungeon Crawl Stone Soup version 0.27-a0-1317-gd1140b374c (webtiles) character file.

Game seed: 4992636372003951006

5555 HAL9000 the Covert (level 10, 0/51 HPs)
             Began as a Vine Stalker Brigand on June 21, 2021.
             Was a Follower of Dithmenos.
             Killed by divine providence
             ... invoked by an orc priest
              (12 damage)
             ... on level 7 of the Dungeon.
             The game lasted 00:22:13 (6894 turns).

HAL9000 the Covert (Vine Stalker Brigand)           Turns: 6894, Time: 00:22:13

Health: 0/51       AC: 11    Str: 16    XL:     10   Next: 71%
Magic:  0/11       EV: 11    Int: 12    God:    Dithmenos [*.....]
Gold:   418        SH:  5    Dex: 16    Spells: 3/9 levels left

rFire    . . .     SeeInvis .   b - +4 dagger (venom)
rCold    . . .     Faith    .   h - +0 buckler
rNeg     . . .     Spirit   +   E - +2 robe {Will+}
rPois    .         Reflect  .   r - +0 helmet
rElec    .         Harm     .   c - +0 cloak
rCorr    .         Rampage  .   (no gloves)
Will     ++...                  C - +0 pair of boots
Stlth    +++++.....             (no amulet)
HPRegen  1.17/turn              w - ring of wizardry
MPRegen  0.12/turn              x - +4 ring of protection

@: wreathed by umbra
A: fangs 3, regeneration 1, magic shield, antimagic bite, no potion heal 2
a: Renounce Religion


You were on level 7 of the Dungeon.
You worshipped Dithmenos.
Dithmenos was aware of your devotion.
You visited 2 branches of the dungeon, and saw 8 of its levels.

You collected 418 gold pieces.

Inventory:

Hand Weapons
 b - a +4 dagger of venom (weapon)
Missiles
 d - 63 poisoned darts (quivered)
 s - 7 boomerangs
 y - 2 curare-tipped darts
Armour
 c - a +0 cloak (worn)
 h - a +0 buckler (worn)
 p - +0 steam dragon scales
 r - a +0 helmet (worn)
 C - a +0 pair of boots (worn)
 E - a +2 robe of willpower (worn)
Jewellery
 a - the ring "Heiness" {Fire Dex+2}
   (You found it on level 6 of the Dungeon)

   [ring of fire]

   It enhances your fire magic.
   It affects your dexterity (+2).
   It protects you from fire.
   It makes you vulnerable to cold.
 f - a ring of resist corrosion
 n - a ring of protection from fire
 w - a ring of wizardry (left hand)
 x - a +4 ring of protection (right hand)
Wands
 q - a wand of flame (40)
 v - a wand of iceblast (6)
Scrolls
 k - a scroll of magic mapping {unknown}
 o - 2 scrolls of amnesia
 t - a scroll of enchant armour {unknown}
 u - a scroll of silence {unknown}
 A - a scroll of teleportation
Potions
 e - 3 potions of mutation
 g - 5 potions of curing
 i - 3 potions of lignification {unknown}
 j - 2 potions of attraction
 l - 2 potions of brilliance {unknown}
 m - a potion of invisibility {unknown}
 D - a potion of haste


   Skills:
 + Level 4.6 Fighting
 - Level 9.6 Short Blades
 - Level 1.7 Throwing
 - Level 0.7 Dodging
 - Level 10.0 Stealth
 - Level 4.0 Shields
 - Level 7.1 Hexes


You had 3 spell levels left.
You knew the following spells:

 Your Spells              Type           Power      Damage    Failure   Level
a - Confusing Touch       Hex            17%        N/A       2%          3
b - Tukima's Dance        Hex            17%        N/A       2%          3

Your spell library contained the following spells:

 Spells                   Type           Power      Damage    Failure   Level
 Corona                   Hex            18%        N/A       1%          1
 Ensorcelled Hibernation  Hex/Ice        16%        N/A       4%          2
 Dazzling Flash           Conj/Hex       16%        N/A       9%          3
 Magic Dart               Conj           0%         1d3       13%         1
 Searing Ray              Conj           0%         3d3       21%         2
 Fulminant Prism          Conj/Hex       4%         3d6       28%         4
 Iskenderun's Mystic Bla  Conj/Tloc      0%         2d3       75%         4


Dungeon Overview and Level Annotations

Branches:
Dungeon (7/15)             Temple (1/1) D:6

Altars:
Ashenzari
Cheibriados
Dithmenos
Elyvilon
Fedhas
Hepliaklqana
Kikubaaqudgha
Makhleb
Nemelex Xobeh
Okawaru
Qazlal
Ru
Sif Muna
Trog
Vehumet
Xom
Yredelemnul
Zin

Shops:
D:1 [   D:6 [[


Innate Abilities, Weirdness & Mutations

You have razor-sharp teeth.
Your natural rate of healing is unusually fast.
When hurt, damage is shared between your health and your magic reserves.
Your bite disrupts and absorbs the magic of your enemies.
Potions cannot restore your health.


Message History

The orc warrior is moderately wounded.
Casting: Tukima's Dance (dangerous; 2% risk of failure)
Confirm with . or Enter, or press ? or * to list all spells.
Your hands begin to glow red.
The orc warrior hits you but does no damage.
The orc priest calls down the wrath of Beogh upon you.
Beogh smites you! The orc warrior hits you. The orc priest closely misses you.
You block the orc priest's attack.
You hit the orc priest but do no damage.
The orc priest appears confused.
The orc warrior hits you but does no damage.
The orc priest mumbles some strange prayers to Beogh against you.
Beogh smites you!
Unknown command.
You hit the orc priest.
The orc priest is poisoned.
You bite the orc priest, but do no damage.
The orc priest is heavily wounded.
The orc priest closely misses the orc priest.
You barely miss the orc priest. You bite the orc priest. You drain its power.
You feel invigorated.
The orc priest is severely wounded.
You block the orc warrior's attack. The orc priest closely misses you.
You hit the orc priest.
The orc priest looks as sick as possible!
You bite the orc priest.
You kill the orc priest!
Dithmenos accepts your kill.
You closely miss the orc priest. The orc warrior hits you!
The orc priest calls down the wrath of Beogh upon you.
Beogh smites you!
* * * LOW HITPOINT WARNING * * *
You hit the orc priest.
The orc priest is poisoned.
Your bite misses the orc priest.
The orc priest is lightly wounded.
Unknown command.
The orc warrior zaps a wand.
You resist with almost no effort.
The orc priest calls down the wrath of Beogh upon you.
Beogh smites you!
You die...

#.. .......... #.. .........# ##+
.........# .........# .........#
.........# ......oo.######## . #
......).@.......# ..##.
................+ ....
................########.
.........###'#####.....#.
.......... #.# #.###.#.
..........##.# #.# #.#.
..........##.#####.###>#.
..............?...#............#.
..................#..#####.#####.


You could see an orc warrior (extremely poisoned) and an orc priest (very
poisoned).

Vanquished Creatures
  Pikel (D:6)
  3 hornets
  12 yaks
  A steam dragon (D:7)
  Menkaure (D:4)
  Duvessa (D:7)
  An orc warrior (D:6)
  2 ice beasts (D:6)
  A black bear (D:6)
  A sky beast (D:3)
  A necrophage (D:7)
  3 ogres
  A centaur (D:6)
  A lemure (D:6)
  A kobold brigand (D:6)
  A bullfrog (D:7)
  A scorpion (D:4)
  A wyvern skeleton (D:7)
  Dowan (D:7)
  A water moccasin skeleton (D:5)
  6 crimson imps (D:7)
  A centaur skeleton (D:4)
  3 orc priests
  A bullfrog zombie (D:6)
  2 gnoll shamans
  6 hounds
  4 jellies
  A bullfrog skeleton (D:6)
  4 iguanas
  3 orc wizards
  Robin (D:2)
  6 adders
  10 gnolls
  5 white imps
  2 ufetubi
  2 worms
  6 dart slugs
  18 orcs
  6 ball pythons
  4 bats
  6 endoplasms
  2 giant cockroaches (D:1)
  16 goblins
  8 hobgoblins
  9 jackals
  2 quokkas
  3 frilled lizards
  14 kobolds
  A quokka skeleton (D:4)
  4 rats
  A spectral orc (D:4)
193 creatures vanquished.

Vanquished Creatures (others)
  A dancing weapon (D:7)
  13 plants (D:4)
14 creatures vanquished.

Grand Total: 207 creatures vanquished

Notes
Turn   | Place    | Note
-------+----------+-------------------------------------------
     0 | D:1      | HAL9000 the Vine Stalker Brigand began the quest for the
                  | Orb.
     0 | D:1      | Reached XP level 1. HP: 11/11 MP: 2/2
    57 | D:1      | Found Ysuplat's Antique Armour Shop.
   223 | D:1      | Reached XP level 2. HP: 14/15 MP: 3/3
   463 | D:1      | Reached XP level 3. HP: 18/18 MP: 4/4
   595 | D:1      | Found a faded altar of an unknown god.
   867 | D:2      | Found a sparkling altar of Nemelex Xobeh.
  1145 | D:2      | Gained mutation: Your natural rate of healing is unusually
                  | fast. [Vine Stalker growth]
  1145 | D:2      | Reached XP level 4. HP: 15/23 MP: 5/5
  1198 | D:2      | Noticed Robin
  1247 | D:2      | Killed Robin
  1718 | D:3      | Reached skill level 1 in Shields
  1943 | D:3      | Noticed a sky beast
  1957 | D:3      | Killed a sky beast
  1958 | D:3      | Reached skill level 5 in Short Blades
  1958 | D:3      | Reached XP level 5. HP: 13/26 MP: 2/6
  2734 | D:4      | Found a shimmering altar of Xom.
  2766 | D:4      | Found a basalt altar of Yredelemnul.
  2817 | D:4      | Reached XP level 6. HP: 28/30 MP: 5/7
  3073 | D:4      | Noticed Menkaure
  3112 | D:4      | Killed Menkaure
  3113 | D:4      | Reached XP level 7. HP: 32/34 MP: 6/8
  3247 | D:4      | Learned a level 3 spell: Confusing Touch
  3251 | D:4      | Learned a level 3 spell: Tukima's Dance
  3258 | D:4      | Noticed a hornet
  3833 | D:4      | Killed a hornet
  3834 | D:4      | Gained mutation: You have razor-sharp teeth. [Vine Stalker
                  | growth]
  3834 | D:4      | Reached XP level 8. HP: 18/38 MP: 6/9
  3977 | D:5      | Entered Level 5 of the Dungeon
  3988 | D:5      | Identified the +5 hand axe of the Sneaky Mystics {freeze,
                  | Stlth+}
  4628 | D:6      | Noticed a yak
  4628 | D:6      | Noticed a yak
  4628 | D:6      | Noticed a yak
  4628 | D:6      | Noticed a yak
  4628 | D:6      | Noticed a yak
  4628 | D:6      | Noticed a yak
  4660 | D:5      | Killed a yak
  4661 | D:5      | Reached skill level 5 in Hexes
  4668 | D:5      | Killed a yak
  4677 | D:5      | Killed a yak
  4691 | D:5      | Killed a yak
  4727 | D:5      | Killed a yak
  4728 | D:5      | Reached skill level 6 in Stealth
  4728 | D:5      | Reached XP level 9. HP: 40/42 MP: 10/10
  4735 | D:6      | Found Ciungikk's Antique Armour Boutique.
  4786 | D:6      | Noticed a hornet
  4793 | D:6      | Killed a hornet
  4794 | D:6      | Reached skill level 7 in Stealth
  4796 | D:6      | Identified the ring "Heiness" {Fire Dex+2}
  4840 | D:6      | Found a burning altar of Makhleb.
  4890 | D:6      | Reached skill level 8 in Stealth
  5088 | D:6      | Reached skill level 9 in Stealth
  5346 | D:6      | Found a staircase to the Ecumenical Temple.
  5374 | Temple   | Entered the Ecumenical Temple
  5441 | Temple   | Became a worshipper of Dithmenos the Shadowed
  5479 | D:6      | Found Himurr's Armour Shoppe.
  5487 | D:6      | Reached skill level 10 in Stealth
  5772 | D:6      | Noticed Pikel
  5791 | D:6      | Killed Pikel
  5792 | D:6      | Reached XP level 10. HP: 46/46 MP: 7/11
  5885 | D:6      | Found a bloodstained altar of Trog.
  6401 | D:7      | Noticed Duvessa
  6402 | D:7      | Noticed Dowan
  6405 | D:7      | Killed Dowan
  6407 | D:7      | Killed Duvessa
  6438 | D:7      | Reached * piety under Dithmenos
  6828 | D:7      | Paralysed by a hornet for 1 turns
  6894 | D:7      | Killed from afar by an orc priest

Illustrated notes

Levels and vault maps discovered:
D:1:      dpeg_arrival_houses_and_road, layout_loops_ring, serial_shops, shop,
          ebering_ecumenical_altar_mist
D:2:      layout_basic, basic_altar, uniq_robin
D:3:      layout_basic, minivault_19
D:4:      layout_basic, yredelemnul_forgotten_temple_becter,
          lemuel_crystal_altar, serial_bayou, serial_bayou_crossing,
          serial_bayou_lake_a, serial_bayou_pond_b, serial_bayou_pond_b,
          minmay_fountain_box, uniq_menkaure
D:5:      layout_rooms
D:6:      layout_rooms, bloody_makhleb, lemuel_crystal_altar,
          minmay_temple_entry_slanted, serial_shops, nicolae_stop_n_shop_1,
          shop, chequers_serial_rivers_micro_c, corexii_item_surrounded_by_moat,
          grunt_ministairs_14, uniq_pikel
D:7:      layout_basic, minmay_nine_imps, uniq_duvessa
Temple:   cyrus_circular_temple

Skill      XL: |  1  2  3  4  5  6  7  8  9 10 |
---------------+-------------------------------+-----
Short Blades   | 2 3 5 6 8 9 |  9.6
Shields        | 1 2 4 |  4.0
Hexes          | 2 7 |  7.1
Stealth        | 6 10 | 10.0
Fighting       | 4 |  4.6
Throwing       | |  1.7
Dodging        | |  0.7

Action                   |  1- 3 |  4- 6 |  7- 9 | 10-12 || total
-------------------------+-------+-------+-------+-------++-------
Melee: Dagger            |    94 |   142 |   319 |   204 ||   759
       Bite              |    20 |    30 |   125 |    67 ||   242
Throw: Dart              |    10 |    29 |    71 |    19 ||   129
 Cast: Confusing Touch   |       |       |    19 |     1 ||    20
       Tukima's Dance    |       |       |     1 |     1 ||     2
Evoke: Wand              |       |       |       |     5 ||     5
  Use: Scroll            |       |     4 |     5 |       ||     9
       Potion            |       |     1 |     1 |     1 ||     3
 Stab: Sleeping          |    12 |     6 |    11 |     1 ||    30
       Confused          |       |       |    15 |       ||    15
Armor: Robe              |    14 |    29 |    88 |    38 ||   169
Dodge: Dodged            |    42 |    61 |   110 |    49 ||   262
Block: Buckler           |    14 |    22 |    60 |    23 ||   119

Table legend: (Time is in decaauts)
 A = Elapsed time spent in this place.
 B = Non-inter-level travel time spent in this place.
 C = Inter-level travel time spent in this place.
 D = Time resting spent in this place.
 E = Time spent auto-exploring this place.
 F = Levels seen in this place.
 G = Mean time per level.
                   A        B        C        D        E       F      G
               +--------+--------+--------+--------+--------+-----+--------+
         Total |   6734 |   6540 |    194 |    326 |   4310 |   8 |  841.8 |
       Dungeon |   6657 |   6486 |    171 |    326 |   4258 |   7 |  951.0 |
        Temple |     76 |     53 |     23 |      0 |     52 |   1 |   76.0 |
               +--------+--------+--------+--------+--------+-----+--------+

Top non-repeatable levels by time:
     D:3: 1266 daAuts
     D:4: 1217 daAuts
     D:6: 1072 daAuts
     D:7: 885 daAuts
     D:1: 819 daAuts
     D:2: 740 daAuts
     D:5: 656 daAuts
  Temple: 76 daAuts
